 Dungeon Crawl Stone Soup version 0.24.0-123-gd5b16e6ec5 (webtiles) character file.

Game seed: 797483671202722753, levelgen mode: deterministic

798 Peloso the Covered (level 7, -5/60 HPs)
             Began as a Minotaur Fighter on Dec 26, 2019.
             Was a Follower of Okawaru.
             Slain by Pikel
             ... wielding a +0 whip of electrocution
              (20 damage)
             ... on level 3 of the Dungeon.
             The game lasted 00:07:58 (2710 turns).

Peloso the Covered (Minotaur Fighter)               Turns: 2710, Time: 00:07:59

Health: -5/60      AC: 10    Str: 21    XL:     7   Next: 58%
Magic:  6/6        EV:  7    Int:  5    God:    Okawaru [*.....]
Gold:   146        SH: 14    Dex: 11    Spells: 6/6 levels left

rFire    . . .     SeeInvis .   a - +0 long sword
rCold    . . .     Gourm    .   c - +0 shield
rNeg     . . .     Faith    .   g - +0 chain mail
rPois    .         Spirit   .   (helmet restricted)
rElec    .         Reflect  .   (no cloak)
rCorr    .         Harm     .   (no gloves)
MR       ++...                  (no boots)
Stlth    ..........             (no amulet)
HPRegen  0.20/turn              s - ring of protection from magic
MPRegen  0.10/turn              (no ring)

@: no status effects
A: retaliatory headbutt, horns 2, talons 1, large bone plates 1, magic
resistance 1
a: Heroism, Renounce Religion


You were on level 3 of the Dungeon.
You worshipped Okawaru.
Okawaru was aware of your devotion.
You were hungry.

You visited 1 branch of the dungeon, and saw 4 of its levels.

You collected 146 gold pieces.

Inventory:

Hand Weapons
 a - a +0 long sword (weapon)
Armour
 b - a +0 scale mail
 c - a +0 shield (worn)
 g - a +0 chain mail (worn)
Jewellery
 s - a ring of protection from magic (left hand)
Scrolls
 e - 2 scrolls of identify {unknown}
 i - a scroll of random uselessness {unknown}
 j - 2 scrolls of teleportation {unknown}
 l - 2 scrolls of amnesia {unknown}
 n - a scroll of remove curse {unknown}
 u - a scroll of enchant weapon {unknown}
 v - a scroll of magic mapping {unknown}
 w - a scroll of blinking {unknown}
 y - a scroll of enchant armour {unknown}
Potions
 d - 2 potions of might
 h - 2 potions of flight
 o - a potion of degeneration
 p - a potion of ambrosia
 q - 2 potions of curing {unknown}
 r - a potion of magic {unknown}
 t - a potion of lignification {unknown}
 x - a potion of agility {unknown}
Comestibles
 f - 5 rations
 k - 3 chunks of flesh


   Skills:
 + Level 4.7 Fighting
 + Level 5.9 Long Blades
 + Level 6.7 Armour
 + Level 1.7 Dodging
 + Level 6.3 Shields


You had 6 spell levels left.
You didn't know any spells.
Your spell library was empty.

Dungeon Overview and Level Annotations

Branches:
Dungeon (4/15)
 Temple: D:4-7

Altars:
Ashenzari
Fedhas
Okawaru
Yredelemnul

Annotations:
D:3 Pikel


Innate Abilities, Weirdness & Mutations

You reflexively headbutt those who attack you in melee.
You have a pair of horns on your head.
You have sharp toenails.
You are partially covered in large bone plates. (SH +4)
You are resistant to hostile enchantments. (MR+)


Message History

Pikel hits you with a +0 whip of electrocution.
You hit Pikel. You claw Pikel, but do no damage.
Pikel is severely wounded.
Pikel hits you with a +0 whip of electrocution.
You barely miss Pikel. You claw Pikel. Your headbutt misses Pikel.
Pikel is severely wounded.
Pikel hits you but does no damage.
You are electrocuted!
You slash Pikel! Your headbutt misses Pikel.
Pikel is almost dead.
Pikel hits you but does no damage.
You are electrocuted!
* * * LOW HITPOINT WARNING * * *
Pikel says, "You'll feel the lick of my whip!"
Pikel hits you with a +0 whip of electrocution.
* * * LOW HITPOINT WARNING * * *
You hit Pikel. You claw Pikel, but do no damage.
Pikel is almost dead.
Pikel hits you with a +0 whip of electrocution.
* * * LOW HITPOINT WARNING * * *
You are electrocuted!!
You die...

#.....# #......###.### #.....
#.)...# #####..# #...#####..>..
#.....# #...## ###....##.....
#.....# #.### ####...#####
#.....# #.# ###..).## #.....##
##.# ###########.).
#......####..# #..........##.
#######[.....#######..........###
......>).#....pK@...........(.#
...........########...........###
..........#########..............
................).............###
.........###########..........#
.........# #..........#
.........# #..........#
.........# #..........#
.........# ############


You could see Pikel and a slave.

Vanquished Creatures
  Grinder (D:4)
  Sigmund (D:3)
  A slave (D:3)
  2 scorpions
  A hound (D:2)
  An orc priest (D:3)
  An orc wizard (D:3)
  An iguana (D:4)
  2 worker ants
  A hound skeleton (D:2)
  A gnoll (D:2)
  4 adders
  An ooze (D:2)
  2 worms (D:3)
  A dart slug (D:1)
  A leopard gecko (D:3)
  12 orcs
  2 ball pythons
  7 giant cockroaches
  2 gnoll zombies (D:2)
  14 goblins
  12 hobgoblins
  9 jackals
  6 kobolds
  A quokka (D:4)
  8 bats
  2 frilled lizards
  A jackal skeleton (D:4)
  9 rats
107 creatures vanquished.

Notes
Turn   | Place    | Note
-------+----------+-------------------------------------------
     0 | D:1      | Peloso the Minotaur Fighter began the quest for the Orb.
     0 | D:1      | Reached XP level 1. HP: 19/19 MP: 0/0
    89 | D:1      | Reached XP level 2. HP: 14/27 MP: 1/1
   497 | D:1      | Reached XP level 3. HP: 33/33 MP: 2/2
   764 | D:2      | Found a basalt altar of Yredelemnul.
   820 | D:2      | Reached XP level 4. HP: 36/40 MP: 3/3
   868 | D:2      | Reached skill level 1 in Dodging
   887 | D:2      | Found a blossoming altar of Fedhas.
  1121 | D:2      | Found an iron altar of Okawaru.
  1332 | D:2      | Became a worshipper of Warmaster Okawaru
  1352 | D:3      | Reached XP level 5. HP: 46/46 MP: 4/4
  1674 | D:3      | Found a shattered altar of Ashenzari.
  2040 | D:4      | Noticed Grinder
  2043 | D:4      | Reached skill level 5 in Armour
  2070 | D:3      | Gained mutation: You have sharp toenails. [potion of
                  | mutation]
  2070 | D:3      | Gained mutation: Your system is resistant to poisons.
                  | (rPois) [potion of mutation]
  2070 | D:3      | Gained mutation: You expend magic power (3 MP) to
                  | strengthen your wands. [potion of mutation]
  2070 | D:3      | HP: 2/46 [poisoned by an adder]
  2103 | D:3      | Lost mutation: Your system is resistant to poisons. (rPois)
                  | [potion of mutation]
  2103 | D:3      | Lost mutation: You expend magic power (3 MP) to strengthen
                  | your wands. [potion of mutation]
  2103 | D:3      | Gained mutation: You are partially covered in large bone
                  | plates. (SH +4) [potion of mutation]
  2103 | D:3      | Gained mutation: You are resistant to hostile enchantments.
                  | (MR+) [potion of mutation]
  2289 | D:4      | Reached skill level 5 in Long Blades
  2289 | D:4      | Reached skill level 5 in Shields
  2289 | D:4      | Reached XP level 6. HP: 52/52 MP: 5/5
  2311 | D:4      | Killed Grinder
  2311 | D:4      | Reached * piety under Okawaru
  2330 | D:4      | Reached XP level 7. HP: 57/60 MP: 6/6
  2356 | D:4      | Noticed Sigmund
  2568 | D:3      | Killed Sigmund
  2648 | D:4      | Noticed Pikel
  2710 | D:3      | Slain by Pikel

Levels and vault maps discovered:
D:1:      eino_arrival_cavern_c, layout_rooms, minmay_heptomino_w4
D:2:      layout_rooms, okawaru_altar_gauntlet_db,
          lemuel_zombie_altar_yredelemnul, fedhas_altar_2
D:3:      layout_rooms, ashenzari_conservatory_becter, first_ration
D:4:      layout_rooms, uniq_pikel, uniq_grinder, uniq_sigmund

Skill      XL: |  1  2  3  4  5  6  7 |
---------------+----------------------+-----
Armour         | 4 5 6 |  6.7
Shields        | 4 5 6 |  6.3
Long Blades    | 3 4 5 |  5.9
Fighting       | 4 |  4.7
Dodging        | 1 |  1.7

Action                   |  1- 3 |  4- 6 |  7- 9 || total
-------------------------+-------+-------+-------++-------
Melee: Long sword        |    98 |   147 |    65 ||   310
       Headbutt          |    18 |    20 |     9 ||    47
       Kick              |       |     8 |    18 ||    26
  Use: Potion            |       |     6 |       ||     6
  Eat: Chunk             |       |     5 |     1 ||     6
Armor: Scale mail        |    38 |       |       ||    38
       Chain mail        |    43 |   111 |    21 ||   175
Dodge: Dodged            |    39 |    63 |    10 ||   112
Block: Shield            |    79 |   111 |    60 ||   250
       Rpst.: Long sword |    13 |    17 |     5 ||    35
